 Dungeon Crawl Stone Soup version 0.29.1-12-g30fa7ad0bf (webtiles) character file.

Game seed: 12485779752523847711

15 Radix the Digger (level 2, 0/15 HPs)
             Began as a Gargoyle Earth Elementalist on Dec 13, 2022.
             Slain by a giant cockroach (1 damage)
             ... on level 1 of the Dungeon.
             The game lasted 00:03:55 (240 turns).

Radix the Digger (Gargoyle Earth Elementalist)       Turns: 240, Time: 00:03:55

Health: 0/15       AC:  5    Str: 11    XL:     2   Next: 50%
Magic:  1/5        EV: 11    Int: 15    God:
Gold:   6          SH:  0    Dex: 10    Spells: 4/5 levels left

rFire   . . .      SeeInvis .   (no weapon)
rCold   . . .      Faith    .   (no shield)
rNeg    + . .      Spirit   .   a - +0 robe
rPois   ∞          Reflect  .   e - +0 helmet
rElec   +          Harm     .   (no cloak)
rCorr   .          Rampage  .   (no gloves)
Will    .....                   (no boots)
Stlth   ++........              (no amulet)
HPRegen 0.05/turn               (no ring)
MPRegen 0.09/turn               (no ring)

@: no status effects
A: sickness immunity, AC +2, negative energy resistance 1, electricity
resistance, torment resistance 1, petrification resistance
a: no special abilities


You were on level 1 of the Dungeon.
You visited 1 branch of the dungeon, and saw 1 of its levels.

You collected 6 gold pieces.

Inventory:

Hand Weapons
 f - a +0 dagger of distortion
Armour
 a - a +0 robe (worn)
 e - a +0 helmet (worn)
Potions
 b - a potion of magic
 d - a potion of heal wounds {unknown}


   Skills:
 - Level 1.5 Dodging
 - Level 2.1 Stealth
 + Level 2.4 Spellcasting
 - Level 0.7 Transmutations
 + Level 4.1 Earth Magic


You had 4 spell levels left.
You knew the following spells:

 Your Spells              Type           Power      Damage    Failure   Level
a - Sandblast             Erth           28%        2d8       3%          1

Your spell library contained the following spells:

 Spells                   Type           Power      Damage    Failure   Level
 Passwall                 Tmut/Erth      7%         N/A       12%         2
 Necrotise                Necr           4%         1d4       22%         1
 Stone Arrow              Conj/Erth      16%        3d8       26%         3
 Vampiric Draining        Necr           1%         2d6       54%         3
 Petrify                  Tmut/Erth      9%         N/A       61%         4
 Agony                    Necr           1%         N/A       99%         5


Dungeon Overview and Level Annotations

Branches:
Dungeon (1/15)

Altars:


Innate Abilities, Weirdness & Mutations

You are immune to sickness and miasma.
Your stone body is resilient. (AC +2)
You are immune to poison.
You resist negative energy. (rN+)
You are resistant to electric shocks. (rElec)
You are resistant to unholy torment.
You are immune to petrification.


Message History

The jackal bites you but does no damage. x2
The giant cockroach completely misses you.
The kobold misses your kobold. The jackal attacks as you move away!
The jackal barely misses you. The jackal attacks as you move away!
The jackal bites you but does no damage.
Found 3 stones.
The jackal bites you but does no damage.
The jackal bites you.
* * * LOW HITPOINT WARNING * * *
The jackal bites you but does no damage.
Your kobold hits the jackal with a +0 short sword.
Your goblin hits the giant cockroach but does no damage.
Your frilled lizard bites the jackal but does no damage.
Casting: Sandblast (safe; 4% risk of failure)
Confirm with . or Enter, or press ? or * to list all spells.
Aiming: Sandblast (safe; 4% risk of failure)
Press: ? - help, Shift-Dir - straight line, f - jackal, p - jackal
Aim: a jackal (severely wounded, ally target, 77% to hit)
The blast of sand hits the jackal.
You kill the jackal!
The giant cockroach bites you but does no damage.
The jackal closely misses you. x2; The rat bites your goblin.
Your goblin barely misses the rat.
Your rat misses the jackal.
Your frilled lizard misses the jackal.
Your kobold hits the kobold with a +0 short sword.
The kobold dies!
The giant cockroach bites you but does no damage.
The jackal bites you but does no damage. x2
Casting: Sandblast (safe; 3% risk of failure)
Confirm with . or Enter, or press ? or * to list all spells.
Aiming: Sandblast (safe; 3% risk of failure)
Press: ? - help, Shift-Dir - straight line, f - jackal
Aim: a jackal (77% to hit)
The blast of sand hits the jackal!
You kill the jackal!
The jackal bites you.
* * * LOW HITPOINT WARNING * * *
The giant cockroach bites you.
You die...

#..........(. ........#
#....8.8.8.8. ........#
#......._.... ........#
#....8.8.8.8. ........#
#............ ........#
#.†......8... ........#
#....r.$..... ........#
#...l@†......
........####.[gBh)......
.........†.....rJ.K.....
......................?.
.................########
.......#.................#
......##..........K.....)#
......###########........#
......# #........#


You could see an endoplasm, a jackal (ally target), a giant cockroach (ally
target), a rat (ally target), a friendly goblin (summoned), a friendly kobold
(summoned), a friendly frilled lizard (summoned) and a friendly rat (summoned).

Vanquished Creatures
  A bat (D:1)
  2 goblins (D:1)
  7 jackals (D:1)
  A frilled lizard (D:1)
  A rat (D:1)
12 creatures vanquished.

Vanquished Creatures (collateral kills)
  A kobold (D:1)
1 creature vanquished.

Grand Total: 13 creatures vanquished

Notes
Turn   | Place    | Note
-------+----------+-------------------------------------------
     0 | D:1      | Radix the Gargoyle Earth Elementalist began the quest for
                  | the Orb.
     0 | D:1      | Reached XP level 1. HP: 10/10 MP: 3/3
    61 | D:1      | Found a faded altar of an unknown god.
    87 | D:1      | Reached skill level 4 in Earth Magic
    87 | D:1      | Reached XP level 2. HP: 14/15 MP: 0/5
   240 | D:1      | Slain by a giant cockroach

Illustrated notes

Levels and vault maps discovered:
D:1:      dpeg_arrival_orchard, layout_basic, ebering_ecumenical_altar_ruins

Skill      XL: |  1 |
---------------+----+-----
Earth Magic    | 4 |  4.1
Dodging        | |  1.5
Stealth        | |  2.1
Spellcasting   | |  2.4
Transmutations | |  0.7

Action                   || total
-------------------------++-------
Melee: Unarmed           ||    10
 Cast: Sandblast         ||    12
  Use: Scroll            ||     1
Armor: Robe              ||    31
Dodge: Dodged            ||    39
